 Dungeon Crawl Stone Soup version 0.18-a0-433-g01132a3 (webtiles) character file.

23 Sixotanaka the Stinger (level 3, -1/21 HPs)
             Began as an Octopode Venom Mage on Nov 30, 2015.
             Slain by an adder (5 damage)
             ... on level 2 of the Dungeon.
             The game lasted 00:02:25 (1474 turns).

Sixotanaka the Stinger (Octopode Venom Mage)        Turns: 1474, Time: 00:02:26

Health: -1/21      AC:  1    Str:  7    XL:     3   Next: 0%
Magic:  3/6        EV: 12    Int: 18    God:
Gold:   72         SH:  0    Dex: 12    Spells: 1 memorised, 5 levels left

rFire  . . .     SeeInvis .     d - +0 spear
rCold  . . .     Clarity  .     (no shield)
rNeg   . . .     SustAt   .     (helmet restricted)
rPois  .         Gourm    .     (no amulet)
rElec  .         Spirit   .     (no ring)
rCorr  .         Dsmss    .     (no ring)
rMut   .         Stasis   .     (no ring)
MR     .....                    (no ring)
Stlth  +++.......               (no ring)
                                (no ring)
                                (no ring)
                                (no ring)

@: lethally poisoned (-1 -> -6), not resistant to hostile enchantments, fairly
stealthy
A: almost no armour, amphibious, 8 rings, constrict 8, camouflage 1, gelatinous
body 1
a: no special abilities


You were on level 2 of the Dungeon.
You were not hungry.

You visited 1 branch of the dungeon, and saw 2 of its levels.

You collected 72 gold pieces.


Innate Abilities, Weirdness & Mutations

You cannot wear most types of armour.
You are amphibious.
You can wear up to eight rings at the same time.
You can use your tentacles to constrict eight enemies at once.
Your skin changes colour to match your surroundings (Stealth).
Your rubbery body absorbs attacks (AC +1).


   Skills:
 + Level 2.4 Dodging
 + Level 3.1 Stealth
 + Level 2.3 Spellcasting
 + Level 5.0 Poison Magic


You had 5 spell levels left.
You knew the following spells:

 Your Spells              Type           Power        Failure   Level  Hunger
z - Sting                 Conj/Pois      ##..         8%          1    #......


Dungeon Overview and Level Annotations

Branches:
Dungeon (2/15)

Altars:

Inventory:

Hand Weapons
 c - a +0 dagger
 d - a +0 spear (weapon)
Scrolls
 g - a scroll of identify {unknown}
Potions
 e - 2 potions of degeneration {unknown}
 h - a potion of curing {unknown}
 i - a potion of heal wounds {unknown}
 j - 2 potions of might {unknown}
 l - 3 potions of brilliance {unknown}
Books
 a - a Young Poisoner's Handbook
Comestibles
 b - 2 bread rations
 f - 2 fruits
 k - a chunk of flesh

.# #.......#
.####.......#
.........##'##
..###...##8.8##
.......##..[..##
......##8.....8## #
.....##.........## .#
..##.#8.........8#..#
#.##.+.....)....@S..#
...# #8.........8#..#
#....##.........## .#
#.#.. ##8.....8## ..
##.....## ## ##8.8##
##+##


You could see an adder.


Message History

Casting: Sting
Aiming: Sting
Aim: an adder (resting)
The sting hits the adder.
The adder is poisoned.
Casting: Sting
Aiming: Sting
Aim: an adder (lightly wounded, poisoned)
The sting hits the adder.
The adder looks even sicker.
Casting: Sting
Aiming: Sting
Aim: an adder (heavily wounded, poisoned)
The sting hits the adder.
You barely miss the adder. Your grab misses the adder.
The adder barely misses you. The adder closely misses you.
You hit the adder.
You kill the adder!
Your Stealth skill increases to level 3!
You see here an adder corpse.
You butcher the adder corpse.
k - 2 chunks of flesh Eat one of 2 chunks of flesh? (ye/n/q/i?)
You continue eating. x2
You start resting.
A bat comes into view.
The bat moves out of view.
The bat hits you.
A bat is nearby!
You hit the bat.
You kill the bat!
You have reached level 3!
Your experience leads to an increase in your attributes!
Increase (S)trength, (I)ntelligence, or (D)exterity?
You feel clever.
Found 2 white potions.
l - 2 white potions You open the door.
Found a scale mail, a white potion and a hunting sling.
There is an open door here.
You see here a scale mail.
l - 3 white potions (gained 1)
You open the door.
An adder comes into view.
An adder is nearby!
Casting: Sting
Aiming: Sting
Aim: an adder (hasn't noticed you)
The sting misses the adder.
The adder misses you. The adder bites you.
Casting: Sting
Aiming: Sting
Aim: an adder The sting hits the adder.
The adder is poisoned.
The adder bites you.
You hit the adder. Your grab misses the adder. Your squeeze misses the adder.
The adder misses you.
You barely miss the adder. Your grab misses the adder. The adder bites you.
The adder closely misses you.
You hit the adder. Your grab misses the adder. Your squeeze misses the adder.
The adder barely misses you.
You barely miss the adder. Your grab misses the adder. The adder bites you.
* * * LOW HITPOINT WARNING * * *
You are poisoned.
The adder poisons you! The adder bites you.
* * * LOW HITPOINT WARNING * * *
Unknown command.
Casting: Sting
Aiming: Sting
Aim: an adder (heavily wounded, poisoned)
The sting hits the adder.
* * * LOW HITPOINT WARNING * * *
You feel sick. The adder bites you.
You die...

Action                   || total
-------------------------++-------
Melee: Dagger            ||     6
       Unarmed           ||     2
       Spear             ||     9
 Cast: Sting             ||    30
  Eat: Chunk             ||     2

Vault maps used:
D:1:      lightli_arrival_statuegarden, item_on_display_a
D:2:      lemuel_doored_altar, dk_noncrumbling_4

Notes
Turn   | Place    | Note
--------------------------------------------------------------
     0 | D:1      | Sixotanaka the Octopode Venom Mage began the quest for the Orb.
     0 | D:1      | Reached XP level 1. HP: 11/11 MP: 3/3
   674 | D:1      | Reached XP level 2. HP: 17/17 MP: 0/5
  1029 | D:1      | Reached skill level 5 in Poison Magic
  1405 | D:2      | Reached skill level 3 in Stealth
  1440 | D:2      | Reached XP level 3. HP: 19/21 MP: 6/6
  1473 | D:2      | HP: 5/21 [adder (2)]
  1474 | D:2      | Slain by an adder

Vanquished Creatures
  An adder (D:2)
  A giant cockroach (D:1)
  2 hobgoblins (D:1)
  2 jackals (D:1)
  2 kobolds (D:1)
  A bat (D:2)
  A giant newt (D:1)
  2 goblins (D:1)
  2 rats (D:1)
14 creatures vanquished.
